 Dungeon Crawl Stone Soup version 0.21.1-1-g345015f (webtiles) character file.

537 troglodite the Charmwright (level 7, 0/58 HPs)
             Began as a Yellow Draconian Skald on Feb 19, 2018.
             Killed by divine providence
             ... invoked by an orc priest
              (8 damage)
             ... on level 4 of the Dungeon.
             The game lasted 00:10:17 (3304 turns).

troglodite the Charmwright (Yellow Draconian Skald) Turns: 3304, Time: 00:10:18

Health: 0/58       AC:  8    Str: 14    XL:     7   Next: 5%
Magic:  9/11       EV: 13    Int: 13    God:
Gold:   138        SH:  0    Dex: 12    Spells: 5/12 levels left

rFire    . . .     SeeInvis +   f - +1 short sword (speed)
rCold    . . .     Gourm    .   (no shield)
rNeg     . . .     Faith    .   (armour unavailable)
rPois    .         Spirit   .   (helmet restricted)
rElec    .         Reflect  .   s - +0 cloak
rCorr    +         Harm     .   u - +0 pair of gloves (curse)
MR       .....                  (no boots)
Stlth    +.........             n - amulet of regeneration
HPRegen  0.59/turn              i - ring of loudness (curse)
MPRegen  0.12/turn              m - ring of see invisible

@: no status effects
A: spit acid, acid resistance, unfitting armour, cold-blooded, AC +6
a: Breathe Acid


You were on level 4 of the Dungeon.
You were not hungry.

You visited 1 branch of the dungeon, and saw 4 of its levels.

You collected 138 gold pieces.

Inventory:

Hand Weapons
 a - a +0 falchion
 f - a +1 short sword of speed (weapon)
Armour
 s - a +0 cloak (worn)
 u - a cursed +0 pair of gloves (worn)
Jewellery
 d - an uncursed ring of ice
 i - a cursed ring of loudness (left hand)
 m - a ring of see invisible (right hand)
 n - an amulet of regeneration (around neck)
Scrolls
 e - 10 scrolls of identify {unknown}
 g - 3 scrolls of fear {unknown}
 j - 4 scrolls of teleportation {unknown}
 k - 2 scrolls of amnesia {unknown}
 p - 2 scrolls of remove curse {unknown}
 r - a scroll of magic mapping {unknown}
Potions
 h - 3 potions of curing {unknown}
 l - a potion of magic {unknown}
 o - a potion of agility
 q - a potion of berserk rage {unknown}
Books
 b - a book of Battle

   Spells                             Type                      Level
   a - Infusion                       Charms                       1
   b - Shroud of Golubria             Charms/Translocation         2
   c - Song of Slaying                Charms                       2
   d - Spectral Weapon                Hexes/Charms                 3
   e - Regeneration                   Charms/Necromancy            3
Comestibles
 c - 6 rations
 t - 4 chunks of flesh


   Skills:
 * Level 3.7 Fighting
 + Level 3.2(3.5) Short Blades
 + Level 2.0(2.9) Long Blades
 * Level 3.2 Dodging
 + Level 1.1 Stealth
 * Level 3.1 Spellcasting
 * Level 1.7 Hexes
 * Level 3.7 Charms
 * Level 1.8 Necromancy


You had 5 spell levels left.
You knew the following spells:

 Your Spells              Type           Power        Failure   Level  Hunger
a - Infusion              Chrm           ##..         4%          1    #......
b - Spectral Weapon       Hex/Chrm       #.......     22%         3    ###....
c - Regeneration          Chrm/Necr      #.........   22%         3    ###....


Dungeon Overview and Level Annotations

Branches:
Dungeon (4/15)
 Temple: D:4-7

Altars:
Fedhas
Kikubaaqudgha
Qazlal

Annotations:
D:3 Mirai's ghost, amateur DECj


Innate Abilities, Weirdness & Mutations

You can spit globs of acid.
You are resistant to acid.
Your golden yellow scales are hard. (AC +6)
You cannot fit into any form of body armour.
You are cold-blooded and may be slowed by cold attacks.


Message History

You hit the orc priest.
The orc priest is severely wounded.
Your spectral weapon hits the orc priest.
Unknown command.
You hit the orc priest but do no damage.
The orc priest is almost dead.
Your spectral weapon hits the orc priest but does no damage.
The orc priest hits your spectral weapon but does no damage.
The orc priest calls down the wrath of Beogh upon you.
Pain shoots through your body!
* * * LOW HITPOINT WARNING * * *
The orc hits you but does no damage.
The orc hits your spectral weapon but does no damage.
The orc wizard hits you but does no damage.
You closely miss the orc priest.
The orc priest is almost dead.
Your spectral weapon closely misses the orc priest.
The orc priest calls down the wrath of Beogh upon you.
Beogh smites you!
You die...

##### #...# #...# .
#...#
..############...#
.......[.........#
#.........####...## ##
#...%o@(.# #....# .#
#....ooo.# #....# .###
#.....o..# #....# .#.#
#........# ####.#
.#.### ..........# #.#
.....## #.......)..
#.#
...#..###.:..........
#.#
.##.......(.##..###...
#.# .......## #.#


You could see 3 orc priests, an orc wizard, an orc and a friendly spectral short
sword of speed.

Vanquished Creatures
  Grinder (D:3)
  The ghost of Curus the Changer, an amateur MfTm (D:4)
  2 iguanas (D:4)
  Robin (D:2)
  An adder (D:4)
  2 worms
  2 dart slugs
  2 leopard geckos
  5 orcs (D:3)
  A ball python (D:2)
  2 giant cockroaches
  10 hobgoblins
  4 jackals (D:1)
  2 quokkas (D:2)
  3 bats
  7 frilled lizards
  16 goblins
  8 kobolds
  8 rats
  A bush (D:2)
79 creatures vanquished.

Vanquished Creatures (others)
  A spectral weapon (D:2)
1 creature vanquished.

Grand Total: 80 creatures vanquished

Notes
Turn   | Place    | Note
-------+----------+-------------------------------------------
     0 | D:1      | troglodite the Draconian Skald began the quest for the Orb.
     0 | D:1      | Reached XP level 1. HP: 17/17 MP: 3/3
   488 | D:1      | Reached XP level 2. HP: 18/24 MP: 5/5
  1237 | D:2      | Noticed Robin
  1449 | D:2      | Reached XP level 3. HP: 30/30 MP: 6/6
  1454 | D:2      | Learned a level 3 spell: Spectral Weapon
  1572 | D:2      | Killed Robin
  1572 | D:2      | Reached skill level 1 in Short Blades
  1686 | D:2      | Found a faded altar of an unknown god.
  2032 | D:2      | Reached XP level 4. HP: 37/37 MP: 7/7
  2047 | D:2      | Learned a level 3 spell: Regeneration
  2433 | D:3      | Noticed Grinder
  2435 | D:3      | Paralysed by Grinder for 4 turns
  2456 | D:3      | Killed Grinder
  2456 | D:3      | Reached skill level 1 in Hexes
  2456 | D:3      | Reached skill level 1 in Necromancy
  2456 | D:3      | Reached XP level 5. HP: 34/45 MP: 5/9
  2456 | D:3      | Reached XP level 6. HP: 38/51 MP: 5/10
  2501 | D:3      | Found an ancient bone altar of Kikubaaqudgha.
  2501 | D:3      | Found a blossoming altar of Fedhas.
  2723 | D:3      | Found a stormy altar of Qazlal.
  2728 | D:3      | Noticed an air elemental
  2729 | D:3      | Noticed a water elemental
  2729 | D:3      | Noticed a fire elemental
  2948 | D:3      | Noticed Mirai's ghost (amateur DECj)
  2989 | D:4      | Noticed Curus's ghost (amateur MfTm)
  3019 | D:4      | Killed Curus's ghost
  3019 | D:4      | Reached skill level 1 in Stealth
  3153 | D:4      | Your scales start taking on a golden yellow colour.
  3153 | D:4      | Reached XP level 7. HP: 42/57 MP: 7/11
  3304 | D:4      | Killed from afar by an orc priest

Skill      XL: |  1  2  3  4  5  6 |
---------------+-------------------+-----
Charms         | 3 |  3.7
Short Blades   | 1 2 3 |  3.2
Fighting       | 3 |  3.7
Hexes          | 1 |  1.7
Necromancy     | 1 |  1.8
Dodging        | 3 |  3.2
Stealth        | 1 |  1.1
Spellcasting   | 3 |  3.1
Long Blades    | |  2.0

Action                   |  1- 3 |  4- 6 |  7- 9 || total
-------------------------+-------+-------+-------++-------
Melee: Falchion          |    18 |       |       ||    18
       Short sword       |   305 |   120 |    35 ||   460
       Tailslap          |    58 |    17 |       ||    75
 Cast: Infusion          |     3 |       |       ||     3
       Spectral Weapon   |     2 |     5 |     1 ||     8
 Stab: Sleeping          |       |     1 |       ||     1
  Eat: Chunk             |     4 |     4 |     1 ||     9
Armor: Skin              |    43 |    18 |     6 ||    67
Dodge: Dodged            |   103 |    45 |    16 ||   164
       Rpst.: Falchion   |     3 |       |       ||     3
